 Dungeon Crawl Stone Soup version 0.28-a0-991-g956f0ee3d5 (console) character file.

Game seed: 15862499216210916367

1083 petzl the Sneak (level 8, -5/53 HPs)
             Began as an Octopode Arcane Marksman on Dec 4, 2021.
             Was a Follower of Vehumet.
             Succumbed to a kobold's poison
             ... on level 7 of the Dungeon on Dec 5, 2021.
             The game lasted 00:42:53 (10140 turns).

petzl the Sneak (Octopode Arcane Marksman)         Turns: 10140, Time: 00:42:53

Health: -5/53      AC:  1    Str:  9    XL:     8   Next: 30%
Magic:  14/14      EV: 14    Int: 18    God:    Vehumet [*.....]
Gold:   293        SH:  0    Dex: 12    Spells: 10/15 levels left

rFire   . . .      SeeInvis .   a - +1 dagger (freeze) {!f =f}
rCold   . . .      Faith    .   (no shield)
rNeg    . . .      Spirit   .   (helmet restricted)
rPois   .          Reflect  .   (no amulet)
rElec   .          Harm     .   l - ring of wizardry
rCorr   .          Rampage  .   (no ring)
Will    .....                   (no ring)
Stlth   ++++......              (no ring)
HPRegen 0.17/turn               (no ring)
MPRegen 0.14/turn               (no ring)
                                (no ring)
                                (no ring)

@: lethally poisoned (-5 -> -46)
A: almost no armour, amphibious, 8 rings, camouflage 1, gelatinous body 1,
(nimble swimmer 1), tentacles
a: Renounce Religion


You were on level 7 of the Dungeon.
You worshipped Vehumet.
Vehumet was aware of your devotion.
You visited 2 branches of the dungeon, and saw 9 of its levels.

You collected 293 gold pieces.

Inventory:

Hand Weapons
 a - a +1 dagger of freezing (weapon) {!f =f}
 b - a +1 hand crossbow
 f - a +0 halberd of venom
 i - a +0 mace
 t - a +1 vorpal dire flail
Missiles
 c - 9 bolts
 o - 24 poisoned darts (quivered)
Magical Staves
 m - a staff of air
Jewellery
 l - a ring of wizardry (left tentacle)
Wands
 n - a wand of flame (6)
Scrolls
 e - a scroll of magic mapping
 h - a scroll of acquirement {unknown}
 j - a scroll of summoning
 p - a scroll of fog
 s - a scroll of fear {unknown}
 v - a scroll of enchant armour {unknown}
 y - a scroll of teleportation {unknown}
Potions
 d - a potion of degeneration {unknown}
 k - a potion of might {unknown}
 r - a potion of brilliance
 u - a potion of attraction {unknown}
 w - 2 potions of berserk rage {unknown}
 x - 2 potions of resistance {unknown}
 A - a potion of ambrosia {unknown}


   Skills:
 + Level 3.6 Fighting
 + Level 4.1 Crossbows
 + Level 4.1 Dodging
 + Level 5.1 Stealth
 * Level 4.0 Spellcasting
 * Level 2.8 Conjurations
 - Level 3.0 Hexes
 + Level 1.8 Air Magic


You had 10 spell levels left.
You knew the following spells:

 Your Spells              Type           Power      Damage    Failure   Level
a - Slow                  Hex            56%        N/A       1%          1
b - Dazzling Flash        Conj/Hex       28%        N/A       6%          3
c - Magic Dart            Conj           52%        1d5       1%          1

Your spell library contained the following spells:

 Spells                   Type           Power      Damage    Failure   Level
 Inner Flame              Hex/Fire       9%         N/A       10%         3
 Portal Projectile        Hex/Tloc       18%        N/A       10%         3
 Cause Fear               Hex            7%         N/A       16%         4
 Silence                  Hex/Air        6%         N/A       50%         5
 Agony                    Necr           3%         N/A       82%         5


Dungeon Overview and Level Annotations

Branches:
Dungeon (8/15)             Temple (1/1) D:4
   Lair: D:8-11

Altars:
Elyvilon
Gozag
Kikubaaqudgha
Makhleb
Nemelex Xobeh
Ru
Trog
Uskayaw
Vehumet
Wu Jian
Xom
Yredelemnul
Zin
The Shining One

Annotations:
D:3 Grinder
D:4 Menkaure, Pikel
D:5 exclusion: door


Innate Abilities, Weirdness & Mutations

You cannot wear most types of armour.
You are amphibious.
You can wear up to eight rings at the same time.
Your skin changes colour to match your surroundings (Stealth+).
Your rubbery body absorbs attacks. (AC +1, EV +1)
((You are camouflaged near water. (Stealth+)))
You have tentacles for arms and can constrict up to eight enemies at once.


Message History

You closely miss the water moccasin.
The kobold shouts!
Your grab misses the water moccasin. The water moccasin closely misses you.
You hit the water moccasin. You freeze the water moccasin.
You grab the water moccasin. You squeeze the water moccasin!
The water moccasin is heavily wounded.
You constrict the water moccasin. The water moccasin bites you!
* * * LOW HITPOINT WARNING * * *
You are lethally poisoned!
The water moccasin poisons you!
You hit the water moccasin but do no damage.
The water moccasin is severely wounded.
You constrict the water moccasin, but do no damage.
* * * LOW HITPOINT WARNING * * *
You feel very sick. The water moccasin bites you.
* * * LOW HITPOINT WARNING * * *
You are more poisoned.
The water moccasin poisons you!
The kobold throws a poisoned dart.
The poisoned dart hits you!
You are more poisoned.
The water moccasin closely misses you.
Okay, then.
Okay, then.
Welcome back, petzl the Octopode Arcane Marksman.
Vehumet says: Let it end in hellfire!
Press ? for a list of commands and other information.
Unknown command.
Unknown command.
Unknown command.
Okay, then.
Unknown command.
Unknown command.
Unknown command.
Okay, then.
Okay, then.
Okay, then.
Blink to where?
Press: ? - help, Dir - move target You lose your grip on the water moccasin.
As you read the scroll of blinking, it crumbles to dust.
You die...

#......##..# ##....#..######..##....+
#<.##..##..# .#
#.....#..##..######....#
#########..##...##
#.....#..........##....#
#..............
#.....#..........'......
#..............
#.....'..........#......
##########'####
#.....#..##########..)##
#.##..###+##....##..##..######...#.
#..........#....#................#.
#..........#..).#.........(......#.
#..........#....#................#. ...
+..........#)...#................#.
....#...)..)...#....#..............[.#.
...S##########))...[#######...##.....#.
...(K.........#####.......############.
.....g........# #.......#...#........
..............# #......)#...#........
#..........# #.......#...#........
#..........## #.......#...#........
########...@# ###.....#...#........
####### #....# #.....#...'.......#
#.....# #....# #.....#...#.......#
#.....#######....# #.....#...#.......#
#.........K§S....# #.....#####.......#
#.......K(.(.....# #.................#
#.......(.(......# #...........>.....#
#.....K((........# #.................#
#.....#######....# #.................'
##...(# #....# #.....#####.......#
#...(# #....# #.....# #.......# #...(#
#....# #.....# #.......# #..(.#
######### #.....# #.......# #))..#
#..###..## #.....# #.......# #....#
####.##.##.####.....# #.......# #....#
#_#.##.##.#.?##.....# #.......# #....#
##.##.##.###.##.....# #.......#
######....# ##..###..##.##.....#
######[## #.........#
#########.........# #........


You could see a water moccasin.

Vanquished Creatures
  Edmund (D:6)
  An orc warrior (D:7)
  A centaur (D:7)
  2 kobold brigands (D:7)
  A crimson imp (D:5)
  A howler monkey (D:4)
  A gnoll shaman (D:7)
  An orc priest (D:7)
  2 hounds
  A jelly (D:7)
  Jessica (D:3)
  2 iguanas
  3 orc wizards
  Natasha (twice) (D:3)
  A hound zombie (D:5)
  A hound skeleton (D:3)
  3 gnolls (D:7)
  5 adders
  4 white imps
  An ufetubus (D:6)
  A worm (D:3)
  16 orcs
  5 bats
  2 endoplasms
  7 giant cockroaches
  6 goblins
  9 hobgoblins
  5 jackals (D:1)
  11 kobolds
  4 quokkas
  7 ball pythons
  A rat (D:1)
109 creatures vanquished.

Notes
Turn   | Place    | Note
-------+----------+-------------------------------------------
     0 | D:1      | petzl the Octopode Arcane Marksman began the quest for the
                  | Orb.
     0 | D:1      | Reached XP level 1. HP: 13/13 MP: 2/2
    74 | D:1      | Reached XP level 2. HP: 18/18 MP: 3/3
   119 | D:1      | Reached skill level 1 in Stealth
   538 | D:1      | Reached XP level 3. HP: 23/23 MP: 5/5
  1066 | D:2      | You fall into a shaft and drop 2 floors!
  1074 | D:5      | Entered Level 5 of the Dungeon
  1304 | D:6      | Found an opulent altar of Gozag.
  2078 | D:4      | Noticed Menkaure
  2081 | D:3      | Noticed Grinder
  2087 | D:3      | HP: 1/24 [kobold (2)]
  2093 | D:3      | Paralysed by Grinder for 2 turns
  2144 | D:3      | Reached skill level 2 in Stealth
  2144 | D:3      | Reached XP level 4. HP: 28/29 MP: 4/6
  3534 | D:3      | Noticed Jessica
  3545 | D:3      | Killed Jessica
  3546 | D:3      | Reached XP level 5. HP: 11/34 MP: 5/8
  3862 | D:3      | Noticed Natasha
  3889 | D:3      | Killed Natasha
  4189 | D:3      | Found a glowing golden altar of the Shining One.
  4272 | D:3      | Reached skill level 3 in Stealth
  4383 | D:3      | Noticed Natasha
  4393 | D:3      | Killed Natasha
  4722 | D:5      | Reached XP level 6. HP: 39/41 MP: 7/9
  4748 | D:5      | Noticed a black bear
  5080 | D:3      | Found an ancient bone altar of Kikubaaqudgha.
  5081 | D:3      | Found a sacrificial altar of Ru.
  5347 | D:5      | Noticed a water moccasin
  5574 | D:4      | Noticed Pikel
  5702 | D:4      | Found a glowing silver altar of Zin.
  5978 | D:4      | Found a staircase to the Ecumenical Temple.
  5985 | Temple   | Entered the Ecumenical Temple
  6007 | Temple   | Became a worshipper of Vehumet
  6084 | D:4      | Found a hide-covered altar of Uskayaw.
  6688 | D:5      | Found a burning altar of Makhleb.
  6804 | D:6      | Reached skill level 4 in Stealth
  6808 | D:6      | Learned a level 3 spell: Dazzling Flash
  6964 | D:6      | Noticed Edmund
  7008 | D:6      | Killed Edmund
  7009 | D:6      | Reached skill level 1 in Conjurations
  7009 | D:6      | Reached XP level 7. HP: 46/46 MP: 8/11
  7795 | D:8      | Noticed a two-headed ogre
  7983 | D:7      | Reached skill level 1 in Air Magic
  8961 | D:7      | Reached XP level 8. HP: 33/52 MP: 13/13
  9477 | D:7      | Reached skill level 5 in Stealth
  9818 | D:7      | Reached * piety under Vehumet
  9818 | D:7      | Offered knowledge of Magic Dart by Vehumet.
  9821 | D:7      | Learned a level 1 spell: Magic Dart
  9892 | D:7      | Found a basalt altar of Yredelemnul.
 10140 | D:7      | Succumbed to a kobold's poison

Illustrated notes

Levels and vault maps discovered:
D:1:      co_arrival_square_in_a_square_in_a_square, layout_basic,
          grunt_decor_resistance
D:2:      layout_basic
D:3:      layout_basic, gammafunk_temple_overflow_pools, tso_altar,
          serial_glass, glass_columns_c, glass_columns_c,
          minmay_strange_pillars, due_unseen_surprise, minmay_strange_pillars,
          feat_on_display, roderic_lattice_a, uniq_jessica, uniq_grinder,
          uniq_natasha
D:4:      layout_loops_ring, zin_treasury, mainiacjoe_overflow_six_doors_small,
          minmay_temple_entry_wispy, uniq_menkaure, uniq_pikel
D:5:      layout_gridville, makhleb_grotto_becter, grunt_decor_cap,
          kennysheep_generic_room_9
D:6:      layout_basic, mainiacjoe_overflow_small_starburst,
          sigmund_edmund_badplayer, uniq_edmund
D:7:      layout_gridville, marbit_many_paths
D:8:      minmay_the_grid_octo_tiled_squarecenter [minmay_the_grid_octo_horde,
          minmay_the_grid_octo_tetromino_candy, minmay_the_grid_octo_checkered,
          minmay_the_grid_octo_shrine,
          minmay_the_grid_square_5x5_megaprize_checkered,
          minmay_the_grid_square_5x5_seven, minmay_the_grid_square_5x5_n,
          minmay_the_grid_square_5x5_fancy_junction,
          minmay_the_grid_square_5x5_z], layout_loops_corners, serial_shops,
          shop
Temple:   eino_wide_crystal_templ

Skill      XL: |  1  2  3  4  5  6  7  8 |
---------------+-------------------------+-----
Stealth        | 1 2 3 4 5 |  5.1
Fighting       | 2 3 |  3.6
Spellcasting   | 2 3 4 |  4.0
Dodging        | 3 4 |  4.1
Crossbows      | 3 4 |  4.1
Conjurations   | 1 2 |  2.8
Air Magic      | 1 |  1.8
Hexes          | |  3.0

Action                   |  1- 3 |  4- 6 |  7- 9 || total
-------------------------+-------+-------+-------++-------
Melee: Dagger            |    14 |   122 |    66 ||   202
       Mace              |     5 |       |       ||     5
       Constrict         |     3 |    26 |    13 ||    42
       Tentacles         |     3 |    22 |    14 ||    39
 Fire: Hand crossbow     |    46 |    35 |    87 ||   168
Throw: Dart              |       |     9 |    35 ||    44
 Cast: Slow              |    12 |    43 |    48 ||   103
Evoke: Wand              |       |       |     5 ||     5
  Use: Potion            |     1 |       |     7 ||     8
       Scroll            |       |     7 |     2 ||     9
 Stab: Sleeping          |       |     5 |       ||     5
Armor: Skin              |     3 |     6 |     6 ||    15
Dodge: Dodged            |    39 |    76 |    89 ||   204

Table legend: (Time is in decaauts)
 A = Elapsed time spent in this place.
 B = Non-inter-level travel time spent in this place.
 C = Inter-level travel time spent in this place.
 D = Time resting spent in this place.
 E = Time spent auto-exploring this place.
 F = Levels seen in this place.
 G = Mean time per level.
                   A        B        C        D        E       F      G
               +--------+--------+--------+--------+--------+-----+--------+
         Total |  10193 |   9905 |    288 |   3159 |   3284 |   9 | 1132.6 |
       Dungeon |  10154 |   9882 |    272 |   3159 |   3269 |   8 | 1269.2 |
        Temple |     38 |     22 |     16 |      0 |     15 |   1 |   38.0 |
               +--------+--------+--------+--------+--------+-----+--------+

Top non-repeatable levels by time:
     D:7: 2246 daAuts
     D:3: 1830 daAuts
     D:5: 1413 daAuts
     D:4: 1378 daAuts
     D:1: 1070 daAuts
     D:6: 986 daAuts
     D:2: 901 daAuts
     D:8: 327 daAuts
  Temple: 38 daAuts
